 Seeded DCSS version 0.30-a0-29-g142975f185 (webtiles) character file.

Game seed: 14514352787368662025 (custom seed)

42 wilfster70 the Digger (level 3, -2/25 HPs)
             Began as a Gnoll Earth Elementalist on Aug 26, 2022.
             Succumbed to a goblin's poison
             ... on level 2 of the Dungeon.
             The game lasted 00:02:45 (1017 turns).

wilfster70 the Digger (Gnoll Earth Elementalist)    Turns: 1017, Time: 00:02:45

Health: -2/25      AC:  2    Str:  7    XL:     3   Next: 54%
Magic:  7/9        EV: 13    Int: 16    God:
Gold:   81         SH:  0    Dex: 12    Spells: 8/12 levels left

rFire   . . .      SeeInvis .    a - +0 short sword (protect)
rCold   . . .      Faith    .    (no shield)
rNeg    . . .      Spirit   .    d - +0 robe
rPois   .          Reflect  .    (no helmet)
rElec   .          Harm     .    (no cloak)
rCorr   .          Rampage  .    (no gloves)
Will    .....                    (no boots)
Stlth   ++........               (no amulet)
HPRegen 0.08/turn                (no ring)
MPRegen 0.11/turn                (no ring)

@: lethally poisoned (-2 -> -13)
A: fangs 1, strong nose, distributed training
a: no special abilities


You were on level 2 of the Dungeon.
You visited 1 branch of the dungeon, and saw 2 of its levels.

You collected 81 gold pieces.

Inventory:

Hand Weapons
 a - a +0 short sword of protection (weapon)
Missiles
 e - 22 stones (quivered)
Armour
 d - a +0 robe (worn)
Scrolls
 c - 2 scrolls of fear {unknown}
 i - a scroll of teleportation {unknown}
 j - 2 scrolls of identify {unknown}
 k - a scroll of noise {unknown}
Potions
 b - a potion of magic
 f - a potion of haste {unknown}
 g - 2 potions of invisibility {unknown}
 h - a potion of curing {unknown}


   Skills:
 + Level 0.9 Fighting
 + Level 0.9 Short Blades
 + Level 0.9 Long Blades
 + Level 0.9 Axes
 + Level 0.9 Maces & Flails
 + Level 0.9 Polearms
 + Level 0.9 Staves
 + Level 0.9 Ranged Weapons
 + Level 0.9 Throwing
 + Level 0.9 Armour
 + Level 4.5 Dodging
 + Level 4.2 Stealth
 + Level 0.9 Shields
 + Level 0.9 Unarmed Combat
 + Level 5.0 Spellcasting
 + Level 0.6 Conjurations
 + Level 0.6 Hexes
 + Level 0.6 Summonings
 + Level 0.6 Necromancy
 + Level 0.6 Translocations
 + Level 2.1 Transmutations
 + Level 0.6 Fire Magic
 + Level 0.6 Ice Magic
 + Level 0.6 Air Magic
 + Level 5.4 Earth Magic
 + Level 0.6 Poison Magic
 + Level 1.0 Invocations
 + Level 0.9 Evocations


You had 8 spell levels left.
You knew the following spells:

 Your Spells              Type           Power      Damage    Failure   Level
a - Sandblast             Erth           42%        2d11      1%          1
b - Stone Arrow           Conj/Erth      26%        3d8       13%         3

Your spell library contained the following spells:

 Spells                   Type           Power      Damage    Failure   Level
 Passwall                 Tmut/Erth      13%        N/A       4%          2
 Slow                     Hex            24%        N/A       12%         1
 Petrify                  Tmut/Erth      16%        N/A       32%         4
 Confusing Touch          Hex            6%         N/A       34%         3
 Vampiric Draining        Necr           6%         2d6       34%         3


Dungeon Overview and Level Annotations

Branches:
Dungeon (2/15)

Altars:

Shops:
D:1 [


Innate Abilities, Weirdness & Mutations

You have very sharp teeth.
Your uncanny sense of smell can sniff out nearby items.
Your experience applies equally to all skills.


Message History

Casting: Sandblast (safe; 1% risk of failure)
Confirm with . or Enter, or press ? or * to list all spells.
Aiming: Sandblast (safe; 1% risk of failure)
Press: ? - help, Shift-Dir - straight line, f - rat
Aim: a rat (asleep, 100% to hit)
The blast of sand hits the rat!
You kill the rat!
Found a scroll labelled HOBYOL SOMNISCH.
j - 2 scrolls labelled HOBYOL SOMNISCH (gained 1)
A hobgoblin comes into view.
A hobgoblin is nearby!
A giant cockroach comes into view.
Found 6 gold pieces.
The giant cockroach moves out of view.
A goblin comes into view.
It is wielding the +6 hand axe of the New World {venom, rPois Int+4}.
Casting: Sandblast (safe; 1% risk of failure)
Confirm with . or Enter, or press ? or * to list all spells.
Aiming: Sandblast (safe; 1% risk of failure)
Press: ? - help, Shift-Dir - straight line, f - giant cockroach
Aim: a giant cockroach (83% to hit)
The blast of sand hits the giant cockroach!
You kill the giant cockroach!
The goblin shouts!
The hobgoblin shouts!
The goblin hits you with the +6 hand axe of the New World {venom, rPois Int+4}!
You are lethally poisoned!
The hobgoblin attacks as you move away!
The hobgoblin hits you but does no damage.
You feel very sick. The goblin barely misses you.
* * * LOW HITPOINT WARNING * * *
You feel very sick.
* * * LOW HITPOINT WARNING * * *
You feel very sick.
Casting: Sandblast (safe; 1% risk of failure)
Confirm with . or Enter, or press ? or * to list all spells.
Aiming: Sandblast (safe; 1% risk of failure)
Press: ? - help, Shift-Dir - straight line, f - goblin
Aim: a goblin, wielding the +6 hand axe of the New World {venom, rPois Int+4} (79% to hit)
The blast of sand hits the goblin.
You kill the goblin!
You die...

.#. .. .#.#.. .....
.#.#### ##.......
#........ #####........
#.@)g........
#.###........ #.#
#.†...... #.# #.......#
# #.###.....$.#
####.######.#..........
............#.####.##..
#######.#####.# .# ..>
#.#####†# .# .#


You could see a hobgoblin.

Vanquished Creatures
  An adder (D:2)
  A dart slug (D:1)
  3 ball pythons (D:1)
  3 bats (D:1)
  2 endoplasms (D:1)
  4 giant cockroaches
  A hobgoblin (D:1)
  3 quokkas (D:1)
  4 frilled lizards (D:1)
  2 goblins
  3 kobolds
  3 rats
30 creatures vanquished.

Notes
Turn   | Place    | Note
-------+----------+-------------------------------------------
     0 | D:1      | wilfster70 the Gnoll Earth Elementalist began the quest for
                  | the Orb.
     0 | D:1      | Reached XP level 1. HP: 13/13 MP: 6/6
    41 | D:1      | Found Waennarph's Antique Armour Shop.
   109 | D:1      | Reached XP level 2. HP: 19/19 MP: 5/7
   698 | D:1      | Reached skill level 5 in Spellcasting
   698 | D:1      | Reached XP level 3. HP: 25/25 MP: 6/9
   702 | D:1      | Learned a level 3 spell: Stone Arrow
   972 | D:2      | Reached skill level 1 in Invocations
  1011 | D:2      | Identified the +6 hand axe of the New World {venom, rPois
                  | Int+4}
  1017 | D:2      | Succumbed to a goblin's poison

Illustrated notes

Levels and vault maps discovered:
D:1:      wander_arrival_peaceful_grave, layout_basic, serial_shops, shop,
          minmay_3d_cube
D:2:      layout_loops_ring, ebering_ecumenical_altar_abandoned,
          minmay_misc_feat_roman

Skill      XL: |  1  2  3 |
---------------+----------+-----
Transmutations | 2 |  2.1
Spellcasting   | 5 |  5.0
Invocations    | 1 |  1.0
Fighting       | |  0.9
Short Blades   | |  0.9
Long Blades    | |  0.9
Axes           | |  0.9
Maces & Flails | |  0.9
Polearms       | |  0.9
Staves         | |  0.9
Ranged Weapons | |  0.9
Throwing       | |  0.9
Armour         | |  0.9
Dodging        | |  4.5
Stealth        | |  4.2
Shields        | |  0.9
Unarmed Combat | |  0.9
Conjurations   | |  0.6
Hexes          | |  0.6
Summonings     | |  0.6
Necromancy     | |  0.6
Translocations | |  0.6
Fire Magic     | |  0.6
Ice Magic      | |  0.6
Air Magic      | |  0.6
Earth Magic    | |  5.4
Poison Magic   | |  0.6
Evocations     | |  0.9

Action                   || total
-------------------------++-------
Melee: Unarmed           ||     1
       Short sword       ||     3
       Bite              ||     1
Throw: Stone             ||     1
 Cast: Sandblast         ||    35
Armor: Robe              ||     3
Dodge: Dodged            ||     7

Table legend: (Time is in decaauts)
 A = Elapsed time spent in this place.
 B = Non-inter-level travel time spent in this place.
 C = Inter-level travel time spent in this place.
 D = Time resting spent in this place.
 E = Time spent auto-exploring this place.
 F = Levels seen in this place.
 G = Mean time per level.
                   A        B        C        D        E       F      G
               +--------+--------+--------+--------+--------+-----+--------+
         Total |   1033 |   1003 |     30 |     43 |    551 |   2 |  516.5 |
       Dungeon |   1033 |   1003 |     30 |     43 |    551 |   2 |  516.5 |
               +--------+--------+--------+--------+--------+-----+--------+

Top non-repeatable levels by time:
     D:1: 968 daAuts
     D:2: 64 daAuts
